 Dungeon Crawl Stone Soup version 0.17.1-3-g152610e (webtiles) character file.

148 inmateoo the Ruffian (level 5, -24/46 HPs)
             Began as a Troll Arcane Marksman on Mar 6, 2016.
             Was a Follower of Cheibriados.
             Annihilated by an ogre
             ... wielding a +0 giant spiked club
              (27 damage)
             ... on level 5 of the Dungeon.
             The game lasted 00:03:37 (1928 turns).

inmateoo the Ruffian (Troll Arcane Marksman)        Turns: 1928, Time: 00:03:37

Health: -24/46     AC:  6    Str: 23    XL:     5   Next: 8%
Magic:  5/5        EV: 10    Int: 12    God:    Cheibriados [*.....]
Gold:   155        SH:  0    Dex: 12    Spells: 1 memorised, 5 levels left

rFire  . . .     SeeInvis .       - Unarmed
rCold  . . .     Clarity  .     a - +0 robe
rNeg   . . .     SustAt   +     (no shield)
rPois  .         Gourm    +     (helmet restricted)
rElec  .         Spirit   .     t - +0 cloak (curse)
rCorr  .         Warding  .     (gloves unavailable)
rMut   .         Stasis   .     (boots unavailable)
MR     .....                    (no amulet)
Stlth  +.........               (no ring)
                                o - ring of sustain attributes

@: very slightly contaminated, very slow, not resistant to hostile enchantments,
very unstealthy
A: unfitting armour, claws 3, fast metabolism 3, gourmand, regeneration 2,
shaggy fur 1, tough skin 2
a: Bend Time, Renounce Religion


You were on level 5 of the Dungeon.
You worshipped Cheibriados.
Cheibriados was aware of your devotion.
You were very full.

You visited 1 branch of the dungeon, and saw 4 of its levels.

You collected 155 gold pieces.

Inventory:

Missiles
 c - 4 large rocks (quivered)
 d - 2 throwing nets
Armour
 a - a +0 robe (worn)
 s - a +0 shield
 t - a cursed +0 cloak (worn)
Jewellery
 o - a ring of sustain attributes (left claw)
Scrolls
 g - 2 scrolls of identify {unknown}
 k - 2 scrolls of remove curse {unknown}
 m - a scroll of enchant weapon {unknown}
 p - a scroll of random uselessness {unknown}
 q - a scroll of teleportation {unknown}
 r - a scroll of enchant armour {unknown}
Potions
 h - a potion of curing {unknown}
 j - a potion of ambrosia {unknown}
 l - a potion of haste
Books
 b - a book of Debilitation

   Spells                             Type                      Level
   a - Corona                         Hexes                        1
   b - Slow                           Hexes                        2
   c - Gell's Gravitas                Hexes/Translocation          3
   d - Inner Flame                    Hexes/Fire                   3
   e - Cause Fear                     Hexes                        4
   f - Leda's Liquefaction            Hexes/Earth                  4
Comestibles
 e - 2 bread rations
 f - a slice of pizza
 i - a royal jelly
 n - a fruit
 u - a meat ration
 v - a beef jerky


   Skills:
 - Level 0.7 Fighting
 - Level 1.7 Throwing
 - Level 1.5 Dodging
 * Level 4.8 Unarmed Combat
 - Level 1.0 Spellcasting
 - Level 2.0 Hexes


You had 5 spell levels left.
You knew the following spells:

 Your Spells              Type           Power        Failure   Level  Hunger
a - Corona                Hex            #......      14%         1    ##.....


Dungeon Overview and Level Annotations

Branches:
Dungeon (5/15)
 Temple: D:4-7

Altars:
Cheibriados


Innate Abilities, Weirdness & Mutations

You are too large for most types of armour.
You have claws for hands.
Your metabolism is lightning-fast.
You like to eat raw meat.
You heal very quickly.
You are covered in fur (AC +1).
You have very tough skin (AC +2).


Message History

You feel yourself slow down.
Drink which item? (? for menu, Esc to quit)
Okay, then.
You scratch the ogre.
The ogre is lightly wounded.
The ogre closely misses you.
You claw the ogre!
The ogre is severely wounded.
The ogre hits you with a giant spiked club!!
* * * LOW HITPOINT WARNING * * *
You closely miss the ogre.
The ogre is severely wounded.
The gnoll hits you from afar with a spear.
* * * LOW HITPOINT WARNING * * *
You barely miss the ogre.
The ogre is severely wounded.
The gnoll barely misses you.
The ogre hits you with a giant spiked club!!
Ouch! That really hurt!
You die...

#.# #.# #.# #.# #.#
##.# #.#..#..
#.##... #@##..#
####O##..#
##...g##..# ....
#....g.#..# .....
#.........####.....
#...?..#.........
#......##g###...
##....###.l##.#
###### #.....# #


You could see an ogre and 2 gnolls.

Vanquished Creatures
  4 adders
  2 gnolls (D:2)
  4 river rats (D:2)
  An ooze (D:2)
  A worm (D:3)
  A ball python (D:2)
  2 giant cockroaches (D:1)
  8 hobgoblins
  6 jackals
  8 kobolds
  A quokka (D:2)
  6 bats
  3 giant newts
  6 goblins
  6 rats
59 creatures vanquished.

Notes
Turn   | Place    | Note
--------------------------------------------------------------
     0 | D:1      | inmateoo the Troll Arcane Marksman began the quest for the Orb.
     0 | D:1      | Reached XP level 1. HP: 18/18 MP: 1/1
    71 | D:1      | Reached skill level 1 in Unarmed Combat
   251 | D:1      | Reached XP level 2. HP: 26/26 MP: 2/2
   837 | D:2      | Found a snail-covered altar of Cheibriados.
   848 | D:2      | Became a worshipper of Cheibriados the Contemplative
   855 | D:2      | Reached XP level 3. HP: 30/32 MP: 3/3
   933 | D:2      | Reached skill level 3 in Unarmed Combat
  1002 | D:2      | Reached XP level 4. HP: 32/40 MP: 4/4
  1032 | D:2      | Reached skill level 4 in Unarmed Combat
  1143 | D:2      | Reached * piety under Cheibriados
  1717 | D:3      | Reached XP level 5. HP: 46/46 MP: 5/5
  1873 | D:3      | You fall through a shaft for 2 floors!
  1873 | D:5      | Entered Level 5 of the Dungeon
  1887 | D:5      | Noticed an ogre
  1927 | D:5      | HP: 2/46 [gnoll/spear (6)]
  1928 | D:5      | Annihilated by an ogre

Action                   |  1- 3 |  4- 6 || total
-------------------------+-------+-------++-------
Melee: Unarmed           |   106 |    64 ||   170
  Use: Potion            |       |     1 ||     1
 Stab: Sleeping          |     1 |     1 ||     2
       Distracted        |     1 |       ||     1
  Eat: Chunk             |    15 |     5 ||    20
